 Dungeon Crawl Stone Soup version 0.29.0-4-gdea44cf6ec (webtiles) character file.

Game seed: 1741036400232033895

30 Sabo the Shield-Bearer (level 2, 0/19 HPs)
             Began as a Gargoyle Fighter on Aug 27, 2022.
             Was a Follower of Ru.
             Slain by an adder (2 damage)
             ... on level 2 of the Dungeon.
             The game lasted 00:04:01 (931 turns).

Sabo the Shield-Bearer (Gargoyle Fighter)            Turns: 931, Time: 00:04:02

Health: 0/19       AC:  9    Str: 19    XL:     2   Next: 18%
Magic:  2/2        EV:  9    Int:  8    God:    Ru [*.....]
Gold:   20         SH:  5    Dex:  9    Spells: 1/1 levels left

rFire   . . .      SeeInvis .   a - +0 war axe
rCold   . . .      Faith    .   c - +1 buckler
rNeg    + . .      Spirit   .   b - +0 scale mail
rPois   ∞          Reflect  .   (no helmet)
rElec   +          Harm     .   (no cloak)
rCorr   .          Rampage  .   (no gloves)
Will    .....                   (no boots)
Stlth   ..........              (no amulet)
HPRegen 0.06/turn               (no ring)
MPRegen 0.08/turn               (no ring)

@: no status effects
A: sickness immunity, AC +2, negative energy resistance 1, electricity
resistance, torment resistance 1, petrification resistance, inexperienced 1
a: Renounce Religion


You were on level 2 of the Dungeon.
You worshipped Ru.
Ru was aware of your devotion.
You visited 1 branch of the dungeon, and saw 2 of its levels.

You collected 20 gold pieces.

Inventory:

Hand Weapons
 a - a +0 war axe (weapon)
Missiles
 f - 2 boomerangs (quivered)
Armour
 b - a +0 scale mail (worn)
 c - a +1 buckler (worn)
Scrolls
 e - a scroll of identify {unknown}
 g - a scroll of enchant armour
 i - a scroll of vulnerability {unknown}
Potions
 d - a potion of might
 h - a potion of brilliance {unknown}


   Skills:
 + Level 3.6 Fighting
 + Level 2.0 Axes
 + Level 3.7 Armour
 + Level 3.8 Shields


You had one spell level left.
You didn't know any spells.
Your spell library was empty.

Dungeon Overview and Level Annotations

Branches:
Dungeon (2/15)

Altars:
Ru


Innate Abilities, Weirdness & Mutations

You are immune to sickness and miasma.
Your stone body is resilient. (AC +2)
You are immune to poison.
You resist negative energy. (rN+)
You are resistant to electric shocks. (rElec)
You are resistant to unholy torment.
You are immune to petrification.
You are somewhat inexperienced. (-1 XL)


Message History

The adder is heavily wounded.
You closely miss the adder. The adder bites you. The adder closely misses you.
You block the adder's attack. The adder barely misses you.
You closely miss the adder.
The adder is heavily wounded.
You closely miss the adder. The adder closely misses you. x2
The adder bites you but does no damage. The adder barely misses you.
You miss the adder.
The adder is heavily wounded.
You barely miss the adder. The adder closely misses you. x2
The adder bites you but does no damage. The adder bites you.
You closely miss the adder.
The adder is heavily wounded.
You miss the adder.
The adder bites you but does no damage. x2
You block the adder's attack.
You barely miss the adder.
The adder is heavily wounded.
You hit the adder. The adder bites you but does no damage.
The adder barely misses you. The adder bites you but does no damage.
You slash the adder!
You kill the adder!
You barely miss the adder. The adder closely misses you. The adder misses you.
Your Axes skill increases to level 2!
Welcome back to level 2!
The adder closely misses you.
You barely miss the adder.
The adder is almost dead.
You block the adder's attack. The adder bites you.
You closely miss the adder.
The adder is almost dead.
The adder barely misses you. The adder bites you.
* * * LOW HITPOINT WARNING * * *
You miss the adder.
The adder is almost dead.
You block the adder's attack. The adder completely misses you.
You closely miss the adder.
The adder is almost dead.
The adder bites you.
* * * LOW HITPOINT WARNING * * *
The adder bites you.
You die...

# . # #. .##### ##.# #.#
######...... ...# ###
#.##...S....... #..#
#..###.....@....<..
#..###.#.#.#.#####..###.
#...................#
#...##.###.#.######.#
#...##.# #.#.# ...)..<#
#.#.# ##.##..# #.#.#
##.##..###.#.#
#..........#>#


You could see an adder.

Vanquished Creatures
  An adder (D:2)
  A dart slug (D:1)
  2 bats (D:1)
  An endoplasm (D:1)
  A goblin (D:1)
  3 jackals (D:1)
  2 kobolds (D:1)
  2 quokkas (D:1)
  A ball python (D:1)
  2 frilled lizards
  A rat (D:1)
17 creatures vanquished.

Vanquished Creatures (others)
  A kobold (D:2)
1 creature vanquished.

Grand Total: 18 creatures vanquished

Notes
Turn   | Place    | Note
-------+----------+-------------------------------------------
     0 | D:1      | Sabo the Gargoyle Fighter began the quest for the Orb.
     0 | D:1      | Reached XP level 1. HP: 14/14 MP: 1/1
    75 | D:1      | Reached XP level 2. HP: 8/19 MP: 2/2
   809 | D:1      | Found a faded altar of an unknown god.
   818 | D:1      | Prayed at the altar of an unknown god.
   818 | D:1      | Became a worshipper of Ru the Awakened
   828 | D:1      | Gained mutation: You are somewhat inexperienced. (-1 XL)
                  | [Ru sacrifice]
   828 | D:1      | Reached XP level 1. HP: 14/14 MP: 1/1
   828 | D:1      | Reached * piety under Ru
   927 | D:2      | Reached XP level 2. HP: 10/19 MP: 2/2
   931 | D:2      | Slain by an adder

Illustrated notes

Levels and vault maps discovered:
D:1:      kennysheep_arrival_forest, layout_rooms,
          hellmonk_ecumenical_altar_prayer_group
D:2:      layout_loops_ring

Skill      XL: |  1 |
---------------+----+-----
Axes           | 2 |  2.0
Fighting       | |  3.6
Armour         | |  3.7
Shields        | |  3.8

Action                   || total
-------------------------++-------
Melee: War axe           ||    59
Throw: Boomerang         ||     1
Invok: Sacrifice Experie ||     1
  Use: Scroll            ||     1
Armor: Scale mail        ||    32
Dodge: Dodged            ||    50
Block: Buckler           ||    22
